 Dungeon Crawl Stone Soup version 5.5-19-gbfab8aa (webtiles) character file.

527 stpyramids the Fighter (level 17, -4/252 HPs) *CASUAL*
             Began as a Merfolk Transmuter on May 3, 2018.
             Was the Champion of Makhleb.
             Slain by a tentacled monstrosity (19 damage)
             ... on level 1 of the Swamp on May 4, 2018.
             The game lasted 00:39:12 (18104 turns).

stpyramids the Fighter (Merfolk Transmuter)        Turns: 18104, Time: 00:39:13

Health: -4/252     AC:  9 (0%)Str: 21   XL:     17   Next: 47%
Magic:  0/24       EV: 13    Int: 17    God:    Makhleb [6*[197]]
Gold:   1582       SH:  0    Dex: 14    Spells: 8/27 levels left

rFire    x . .     SeeInvis .     - Unarmed
rCold    + + +     Faith    .   (shield currently unavailable)
rNeg     + + .     Spirit   +   (armour currently unavailable)
rPois    +         Reflect  .   (helmet currently unavailable)
rElec    .                      (cloak currently unavailable)
rCorr    .                      (gloves currently unavailable)
MR       +....                  (boots currently unavailable)
Stlth    ..........             t - amulet of guardian spirit
Regen    0.6/turn               q - ring of Tender Moments {rPois rN+ AC+3 Slay+4}
MPRegen  0.3/turn               v - ring of Nuughuj {Wiz Str+5 Dex+3}

@: berserking (expiring), ice-form, constricted, very quick
A: (change form in water), (swift swim), (stealthy swim), clumsy, negative
energy resistance 1, evolution, subdued magic 1
a: End Transformation, Minor Destruction, Lesser Servant of Makhleb, Hurl
Damnation, Greater Servant of Makhleb, Renounce Religion


You were on level 1 of the Swamp.
You worshipped Makhleb.
Makhleb was exalted by your worship.
You were not hungry.
You were a creature of crystalline ice.
You visited 4 branches of the dungeon, and saw 19 of its levels.
You visited the bazaar 2 times.
You also visited: Sewer and Ossuary.

You collected 1942 gold pieces.
You spent 360 gold pieces at shops.

Inventory:

Armour
 n - a +1 buckler of protection
 J - a +2 scale mail of fire resistance
 K - a +2 cloak (melded)
 O - a +2 robe of the Archmagi
 Q - the +2 pair of boots of the Assassin (melded) {DetectMon Stab+ Stlth++}
   (You found it on level 10 of the Dungeon)

   It makes you much more stealthy.
 R - the +0 buckler of Casa {Str+4 Int+4 Dex+3 Slay+2}
   (You found it on level 15 of the Dungeon)

   It affects your strength (+4).
   It affects your intelligence (+4).
   It affects your dexterity (+3).
   It affects your accuracy and damage with ranged weapons and melee attacks
   (+2).
 U - a +0 troll leather armour (melded)
Magical Staves
 B - an uncursed staff of summoning
 T - an uncursed staff of fire
Jewellery
 b - an uncursed ring of fire
 i - an uncursed ring of wizardry
 q - the ring of Tender Moments (left front paw) {rPois rN+ AC+3 Slay+4}
   (You acquired it on level 13 of the Dungeon)

   [ring of protection]

   It affects your AC (+3).
   It affects your accuracy and damage with ranged weapons and melee attacks
   (+4).
   It protects you from poison.
   It protects you from negative energy.
 t - an amulet of guardian spirit (around neck)
 v - the ring of Nuughuj (right front paw) {Wiz Str+5 Dex+3}
   (You found it on level 4 of the Dungeon)

   [ring of wizardry]

   It improves your spell success rate.
   It affects your strength (+5).
   It affects your dexterity (+3).
 A - an uncursed ring of resist corrosion
 H - a +5 ring of dexterity
 S - an uncursed ring of ice
 V - a +5 ring of intelligence
 W - a +5 ring of strength
 Y - an uncursed ring of protection from magic
Wands
 j - a wand of polymorph (14)
 L - a wand of iceblast (1)
 Z - a wand of acid (3)
Scrolls
 c - 5 scrolls of fog
 e - 4 scrolls of fear
 f - 4 scrolls of enchant armour
 k - 5 scrolls of enchant weapon
 m - 12 scrolls of teleportation
 r - 3 scrolls of noise
 s - a scroll of summoning
 y - 6 scrolls of amnesia
 z - a scroll of holy word
 G - 3 scrolls of blinking
 M - a scroll of silence
 N - 4 scrolls of immolation
 P - a scroll of torment
 X - 2 scrolls of vulnerability
Potions
 d - 6 potions of magic
 h - 3 potions of heal wounds
 l - 3 potions of resistance
 o - 6 potions of lignification
 p - 7 potions of flight
 u - a potion of augmentation
 C - a potion of ambrosia
 D - 3 potions of mutation
 E - 2 potions of haste
 F - 3 potions of invisibility


   Skills:
 - Level 14.3 Fighting
 - Level 7.9 Armour
 - Level 10.7 Dodging
 + Level 12.8 Stealth
 - Level 12.4 Unarmed Combat
 - Level 8.3 Summonings
 - Level 11.6 Transmutations
 - Level 6.2 Air Magic
 - Level 13.7 Invocations
 + Level 7.2 Evocations


You had 8 spell levels left.
You knew the following spells:

 Your Spells              Type           Power        Failure   Level  Hunger
a - Beastly Appendage     Tmut           30 (50)      1%          1    N/A
b - Spider Form           Tmut           30 (200)     1%          3    N/A
c - Blade Hands           Tmut           30 (200)     1%          5    N/A
d - Passwall              Tmut/Erth      15 (200)     1%          2    N/A
e - Ice Form              Ice/Tmut       15 (100)     8%          4    N/A
f - Summon Lightning Spi  Summ/Air       19 (100)     4%          4    N/A

Dungeon Overview and Level Annotations

Branches:
Dungeon (15/15)             Swamp (1/3) Orc:2         Slime (0/4) Orc:2
    Orc (2/2) D:15         Vaults (0/3) D:15         Depths (0/3) D:15
 Bazaar (1/1)
  Snake: Orc:2       Spider: Orc:2

Altars:
Cheibriados
Dithmenos
Elyvilon
Gozag
Jiyva
Kikubaaqudgha
Makhleb
Nemelex Xobeh
Okawaru
Qazlal
Ru
Sif Muna
Trog
Uskayaw
Vehumet
Wu Jian
Xom
Yredelemnul
Zin
The Shining One

Shops:
Bazaar [=:[=}

Annotations:
Orc:2 exclusion: door


Innate Abilities, Weirdness & Mutations

((You revert to your normal form in water.))
((You are very nimble and swift while swimming.))
((You are very stealthy in the water.))
You are clumsy. (Dex -5)
You resist negative energy. (rN+)
You evolve.
Your spells are a little easier to cast, but a little less powerful.


Message History

You feel better.
The tentacled monstrosity tentacle-slaps you (19)!!
* * * LOW HITPOINT WARNING * * *
The tentacled monstrosity tentacle-slaps you (12)!
* * * LOW HITPOINT WARNING * * *
The tentacled monstrosity misses you.
* * * LOW HITPOINT WARNING * * *
The tentacled monstrosity constricts you (8)!
You punch the tentacled monstrosity (10)!
You freeze the tentacled monstrosity (2).
The tentacled monstrosity is lightly wounded.
Your lightning spire shoots out a bolt of lightning at the tentacled monstrosity!
The bolt of electricity hits the tentacled monstrosity (0).
The tentacled monstrosity completely resists.
You pummel the tentacled monstrosity (35)!!
You freeze the tentacled monstrosity (6).
The tentacled monstrosity is moderately wounded.
You feel yourself speed up.
The tentacled monstrosity tentacle-slaps you (20)!!
You die...

≈≈≈≈..♣♣...♣♣ ♣.
.≈≈≈.≈♣.≈≈≈.♣≈..
.≈≈≈≈...≈≈≈.♣.≈. .≈≈≈≈≈
≈.......≈≈≈.≈...♣.≈≈≈≈≈≈
.≈.....≈≈≈.≈.♣♣♣..≈≈≈≈≈≈≈
..≈..≈[≈≈≈.[..♣♣...≈≈.≈≈.
.......≈≈≈..≈.≈....≈..≈≈.
...≈≈..X8≈≈≈...§§.....≈≈≈
≈..≈...≈Y≈≈≈..≈≈≈≈...≈≈≈≈
.♣♣..♣≈♣♣....≈≈≈≈≈....≈≈≈
♣...≈♣♣≈.≈≈≈♣♣......≈≈≈≈
≈...≈≈ ♣≈§≈.♣♣≈....≈≈≈≈≈≈
≈≈.≈≈. ♣♣♣♣♣♣♣...≈≈≈≈.≈≈≈
♣♣♣...♣♣ ♣♣..≈§≈≈.≈≈≈.
♣...≈♣ ♣♣≈...≈≈.≈≈≈≈. ≈.♣
♣≈.≈≈≈≈≈.≈≈... ♣♣♣♣..♣
♣♣.≈≈≈.≈≈≈≈..♣


You could see a tentacled monstrosity and a friendly lightning spire.

Vanquished Creatures
  An orc warlord (Orc:2)
  An ettin (Orc:2)
  Fannar (D:11)
  6 hydras
  2 death knights
  Erica (D:8)
  8 centaur warriors
  A two-headed ogre (shapeshifter) (D:15)
  3 two-headed ogres
  A tengu warrior (D:14)
  Urug (D:14)
  4 orc high priests (Orc:2)
  3 skeletal warriors
  4 unseen horrors
  A swamp dragon (Swamp:1)
  A spriggan druid (Swamp:1)
  A lindwurm (D:15)
  3 deep elf magi
  A phantasmal warrior (D:15)
  Pikel (D:5)
  2 wolf spider zombies (D:13)
  2 necromancers
  4 orc knights (Orc:2)
  5 manticores
  A stone giant zombie (D:15)
  2 hornets (Swamp:1)
  An oklob plant (D:10)
  8 orc sorcerers
  5 cyclopes
  7 ugly things
  A black mamba (D:10)
  3 spiny frogs
  6 rime drakes
  A rime drake (shapeshifter) (D:15)
  A tengu conjurer (D:14)
  9 trolls
  9 slime creatures
  10 blink frogs
  2 spriggan zombies (D:15)
  A meliai zombie (D:12)
  4 shadows
  6 wraiths
  13 yaks
  A vampire (D:12)
  12 wyverns
  3 basilisks (D:14)
  An angry ghost (D:8)
  3 wargs
  2 spiny frog zombies
  2 swamp worms (Swamp:1)
  An acid dragon (shapeshifter) (D:15)
  An acid dragon (D:14)
  2 water moccasins
  2 ice beasts
  6 swamp drakes (D:14)
  36 orc warriors
  A slave (D:5)
  2 black bears
  15 ogres
  9 centaurs
  2 blink frog skeletons (D:12)
  A crocodile (Sewer)
  4 bullfrogs
  4 wyvern zombies
  2 wyvern skeletons
  9 scorpions
  12 killer bees
  5 crimson imps
  11 wights
  5 howler monkeys
  9 centaur zombies
  34 orc priests
  2 quasits
  A bullfrog zombie (D:5)
  4 hounds
  2 human zombies
  8 centaur skeletons
  18 orc wizards
  Jessica (D:2)
  5 worker ants
  A killer bee zombie (D:9)
  6 iguanas
  2 big kobold zombies (Ossuary)
  3 mummies (Ossuary)
  A howler monkey zombie (D:5)
  12 adders
  3 gnolls (D:3)
  A howler monkey skeleton (D:4)
  A scorpion zombie (Ossuary)
  3 shadow imps
  An ooze (D:3)
  An adder zombie (D:5)
  An adder skeleton (D:4)
  3 dart slugs
  105 orcs
  10 quokkas
  2 ball pythons
  6 giant cockroaches
  2 hobgoblins
  5 jackals
  5 bats
  6 frilled lizards
  3 gnoll zombies (Ossuary)
  11 goblins
  3 goblin skeletons (D:7)
  4 goblin zombies
  3 hobgoblin zombies
  9 kobolds
  4 kobold zombies
  An orc skeleton (D:7)
  3 orc zombies
  9 rats
  3 plants (D:10)
619 creatures vanquished.

Vanquished Creatures (others)
  A hydra (D:14)
  A basilisk (D:14)
  An orc priest (Orc:2)
  An adder (D:3)
  An adder skeleton (D:5)
  A goblin (D:3)
  A rat (D:3)
7 creatures vanquished.

Grand Total: 626 creatures vanquished

Notes
Turn   | Place    | Note
-------+----------+-------------------------------------------
     0 | D:1      | stpyramids the Merfolk Transmuter began the quest for the Orb.
     0 | D:1      | Reached XP level 1. HP: 15/15 MP: 2/2
   304 | D:1      | Reached XP level 2. HP: 18/21 MP: 2/2
   386 | D:1      | Reached skill level 5 in Transmutations
   489 | D:1      | Reached XP level 3. HP: 22/26 MP: 4/4
   970 | D:1      | Learned a level 3 spell: Spider Form
   972 | D:1      | Gained mutation: Your spells are a little easier to cast, but a little less powerful. [mutagenic hatch]
  1003 | D:2      | Noticed Jessica
  1008 | D:2      | Killed Jessica
  1008 | D:2      | Reached XP level 4. HP: 8/32 MP: 3/3
  1403 | D:2      | Reached XP level 5. HP: 32/37 MP: 5/5
  1520 | D:2      | Found a white marble altar of Elyvilon.
  1574 | D:2      | Found a stormy altar of Qazlal.
  1937 | D:2      | Found a sacrificial altar of Ru.
  1955 | D:2      | Became a worshipper of Ru the Awakened
  2096 | D:2      | Found an opulent altar of Gozag.
  2257 | D:2      | Found a burning altar of Makhleb.
  2262 | D:2      | Fell from the grace of Ru
  2262 | D:2      | Became a worshipper of Makhleb the Destroyer
  2268 | D:2      | Found a basalt altar of Yredelemnul.
  2330 | D:3      | Reached XP level 6. HP: 43/43 MP: 7/7
  2366 | D:3      | Learned a level 5 spell: Blade Hands
  2423 | D:3      | Reached skill level 10 in Transmutations
  2423 | D:3      | Reached XP level 7. HP: 5/48 MP: 8/8
  2719 | D:3      | Found a glowing drain.
  2776 | Sewer    | Entered a sewer
  2822 | Sewer    | Reached * piety under Makhleb
  3045 | D:3      | Found a radiant altar of Vehumet.
  3056 | D:3      | Reached XP level 8. HP: 47/54 MP: 10/10
  3332 | D:3      | Reached skill level 2 in Fighting
  3756 | D:3      | Gained mutation: You have a pair of small antennae on your head. [mutagenic hatch]
  3794 | D:4      | Reached skill level 3 in Fighting
  3799 | D:4      | Found a deep blue altar of Sif Muna.
  3920 | D:4      | Noticed a hand axe
  3921 | D:4      | Noticed a dagger
  3923 | D:4      | Found a hide-covered altar of Uskayaw.
  3929 | D:4      | Got the ring of Nuughuj {Wiz Str+5 Dex+3}
  3934 | D:4      | Learned a level 2 spell: Passwall
  3943 | D:4      | Found a shadowy altar of Dithmenos.
  4218 | D:4      | Reached ** piety under Makhleb
  4616 | D:5      | Entered Level 5 of the Dungeon
  4640 | D:5      | Noticed Pikel
  4653 | D:5      | Killed Pikel
  4653 | D:5      | Reached skill level 6 in Fighting
  4653 | D:5      | Reached XP level 9. HP: 61/71 MP: 12/12
  4760 | D:5      | Found an ornate altar of the Wu Jian Council.
  4795 | D:5      | Found a viscous altar of Jiyva.
  4825 | D:5      | Found an ancient bone altar of Kikubaaqudgha.
  4923 | D:5      | Reached skill level 7 in Fighting
  4971 | D:5      | Found a deep blue altar of Sif Muna.
  5559 | D:5      | Found a shimmering altar of Xom.
  5689 | D:5      | Gained mutation: You evolve. [mutagenic hatch]
  5732 | D:6      | Found a sand-covered staircase.
  5754 | D:6      | Reached skill level 8 in Fighting
  5897 | Ossuary  | Entered an ossuary
  5913 | Ossuary  | Reached XP level 10. HP: 82/82 MP: 9/11
  5964 | Ossuary  | Reached *** piety under Makhleb
  6040 | Ossuary  | Reached skill level 5 in Dodging
  6075 | Ossuary  | Gained mutation: You resist negative energy. (rN+) [evolution]
  7473 | D:7      | Reached skill level 10 in Dodging
  7474 | D:7      | Reached **** piety under Makhleb
  7687 | D:7      | Found a glowing golden altar of the Shining One.
  7748 | D:7      | Reached skill level 1 in Invocations
  7764 | D:7      | Found a bloodstained altar of Trog.
  7780 | D:7      | Found a sparkling altar of Nemelex Xobeh.
  7880 | D:7      | Found an iron altar of Okawaru.
  7898 | D:7      | Found a snail-covered altar of Cheibriados.
  7918 | D:7      | Reached skill level 9 in Fighting
  7918 | D:7      | Reached XP level 11. HP: 89/89 MP: 13/13
  7994 | D:7      | Found a glowing silver altar of Zin.
  8165 | D:8      | Noticed a death knight
  8176 | D:8      | Killed a death knight
  8176 | D:8      | Reached skill level 10 in Fighting
  8176 | D:8      | Reached skill level 5 in Invocations
  8270 | D:8      | Learned a level 4 spell: Ice Form
  8506 | D:8      | Reached ***** piety under Makhleb
  8588 | D:8      | Noticed Erica
  8593 | D:8      | Reached skill level 11 in Fighting
  8598 | D:8      | Killed Erica
  8612 | D:8      | Lost mutation: You have a pair of small antennae on your head. [evolution]
  8705 | D:8      | Reached XP level 12. HP: 100/100 MP: 15/15
  9086 | D:9      | Reached skill level 1 in Armour
  9483 | D:10     | Entered Level 10 of the Dungeon
  9667 | D:10     | Found a radiant altar of Vehumet.
  9730 | D:10     | Reached skill level 5 in Armour
  9868 | D:10     | Reached XP level 13. HP: 107/107 MP: 14/16
 10180 | D:11     | Reached skill level 1 in Stealth
 10257 | D:11     | Reached skill level 5 in Stealth
 10278 | D:11     | HP: 5/107 [centaur warrior (5)]
 10613 | D:11     | Gained mutation: You are clumsy. (Dex -5) [evolution]
 10777 | D:11     | Found a gateway to a bazaar.
 10794 | D:11     | Noticed Fannar
 10807 | D:11     | Killed Fannar
 11249 | Bazaar   | Entered a bazaar
 11253 | Bazaar   | Found Julof's Jewellery Boutique.
 11271 | Bazaar   | Found Icoutionn's Gadget Emporium.
 11278 | Bazaar   | Found Qourph's Jewellery Boutique.
 11291 | Bazaar   | Found Tifil's Book Boutique.
 11296 | Bazaar   | Bought a book of Callings for 360 gold pieces
 11310 | Bazaar   | Found Xocoo's Antique Armour Shoppe.
 11368 | D:12     | Reached skill level 1 in Summonings
 11452 | D:12     | Reached skill level 1 in Air Magic
 11497 | D:12     | Reached XP level 14. HP: 114/114 MP: 18/18
 11578 | D:12     | Reached skill level 5 in Summonings
 12142 | D:13     | Found a shadowy altar of Dithmenos.
 12261 | D:13     | Reached skill level 5 in Air Magic
 12428 | D:13     | Got the ring of Tender Moments {rPois rN+ AC+3 Slay+4}
 13006 | D:14     | Noticed Urug
 13017 | D:14     | Killed Urug
 13076 | D:14     | Learned a level 4 spell: Summon Lightning Spire
 13088 | D:14     | Reached skill level 12 in Fighting
 13218 | D:14     | Reached XP level 15. HP: 122/122 MP: 20/20
 13250 | D:14     | Reached skill level 10 in Unarmed Combat
 13301 | D:14     | Reached skill level 13 in Fighting
 13691 | D:14     | Gained mutation: You are robust. (+10% HP) [evolution]
 14101 | D:14     | Reached skill level 14 in Fighting
 14114 | D:14     | Reached ****** piety under Makhleb
 14568 | D:15     | Entered Level 15 of the Dungeon
 14574 | D:15     | Got the +0 buckler of Casa {Str+4 Int+4 Dex+3 Slay+2}
 14581 | D:15     | Reached XP level 16. HP: 147/147 MP: 22/22
 14606 | D:15     | Reached skill level 10 in Invocations
 14757 | D:15     | Found a gate to the Vaults.
 15126 | D:15     | Found a staircase to the Orcish Mines.
 15193 | D:15     | Found a staircase to the Depths.
 15553 | Orc:1    | Entered Level 1 of the Orcish Mines
 15847 | Orc:1    | Lost mutation: You are robust. (+10% HP) [evolution]
 16104 | Orc:2    | Entered Level 2 of the Orcish Mines
 16243 | Orc:2    | Found a staircase to the Slime Pits.
 16464 | Orc:2    | Reached skill level 1 in Evocations
 16467 | Orc:2    | Reached skill level 10 in Stealth
 16504 | Orc:2    | Found a gateway to a bazaar.
 16577 | Orc:2    | Paralysed by an orc sorcerer for 3 turns
 16656 | Orc:2    | Found a staircase to the Swamp.
 16960 | Orc:2    | Reached XP level 17. HP: 134/140 MP: 21/23
 17130 | Orc:2    | Reached skill level 5 in Evocations
 17979 | Swamp:1  | Entered Level 1 of the Swamp
 18093 | Swamp:1  | Noticed a tentacled monstrosity
 18104 | Swamp:1  | Slain by a tentacled monstrosity

Skill      XL: |  1  2  3  4  5  6  7  8  9 10 11 12 13 14 15 16 17 |
---------------+----------------------------------------------------+-----
Transmutations | 5 6 7 8 10 11 | 11.6
Fighting       | 6 8 9 11 12 14 | 14.3
Unarmed Combat | 7 8 9 12 | 12.4
Dodging        | 10 | 10.7
Invocations    | 2 7 8 9 13 | 13.7
Armour         | 7 |  7.9
Stealth        | 9 11 12 | 12.8
Summonings     | 4 8 |  8.3
Air Magic      | 2 6 |  6.2
Evocations     | 4 7 |  7.2

Action                   |  1- 3 |  4- 6 |  7- 9 | 10-12 | 13-15 | 16-18 || total
-------------------------+-------+-------+-------+-------+-------+-------++-------
Melee: Unarmed           |    51 |   106 |   226 |   299 |   394 |   444 ||  1520
       Headbutt          |     5 |       |       |       |       |       ||     5
       Punch             |       |       |       |    16 |    15 |    18 ||    49
       Tailslap          |       |       |       |       |       |     1 ||     1
Throw: Poisoned dart     |     9 |       |       |       |       |       ||     9
 Cast: Beastly Appendage |     1 |       |       |       |       |       ||     1
       Spider Form       |     1 |       |       |       |       |       ||     1
       Blade Hands       |       |       |     1 |       |     3 |       ||     4
       Ice Form          |       |       |       |       |     3 |     1 ||     4
       Summon Lightning  |       |       |       |       |     1 |     1 ||     2
Invok: Lesser Servant of |       |       |       |       |     4 |       ||     4
       Hurl Damnation    |       |       |       |       |     1 |       ||     1
  Use: Scroll            |       |     1 |     1 |       |     3 |       ||     5
       Potion            |       |       |       |     1 |     1 |     2 ||     4
 Stab: Sleeping          |     1 |     5 |     4 |     4 |    27 |    33 ||    74
       Distracted        |       |       |       |       |     1 |     3 ||     4
Armor: Robe              |     7 |       |       |     1 |       |       ||     8
       Skin              |       |     8 |     7 |       |    18 |     6 ||    39
       Ring mail         |       |       |       |    54 |    34 |       ||    88
       Troll leather arm |       |       |       |       |    83 |    98 ||   181
Dodge: Dodged            |    25 |   116 |   159 |   186 |   336 |   398 ||  1220
